 Dungeon Crawl Stone Soup version 0.23.0 (webtiles) character file.

Game seed: 9982631222900570051

35693 MalarOregon the Peltast (level 13, 0/103 HPs)
             Began as a Merfolk Gladiator on Feb 15, 2019.
             Was a High Priest of Nemelex Xobeh.
             Slain by a komodo dragon (10 damage)
             ... while petrified by a basilisk
             ... on level 5 of the Lair of Beasts.
             The game lasted 00:49:23 (22735 turns).

MalarOregon the Peltast (Merfolk Gladiator)        Turns: 22735, Time: 00:49:24

Health: 0/103      AC:  8    Str: 15    XL:     13   Next: 85%
Magic:  19/19      EV:  2    Int: 11    God:    Nemelex Xobeh [*****.]
Gold:   922        SH:  0    Dex: 16    Spells: 12/12 levels left

rFire    . . .     SeeInvis .   a - +1 trident
rCold    + . .     Gourm    .   U - +18 shield of the Gong {rElec rN+ MR+ EV-5}
rNeg     + + +     Faith    .   v - +2 leather armour {rPois}
rPois    ∞         Spirit   .   c - +1 helmet
rElec    +         Reflect  .   (no cloak)
rCorr    .         Harm     .   I - +0 pair of gloves
MR       +....                  (no boots)
Stlth    +.........             (no amulet)
HPRegen  0.27/turn              o - ring of protection from cold
MPRegen  0.16/turn              M - +2 ring of slaying

@: petrified
A: change form in water, swift swim, stealthy swim
a: Draw Escape, Draw Destruction, Draw Summoning, Triple Draw, Deal Four, Stack
Five, Renounce Religion


You were on level 5 of the Lair of Beasts.
You worshipped Nemelex Xobeh.
Nemelex Xobeh was extremely pleased with you.
You were not hungry.

You visited 3 branches of the dungeon, and saw 19 of its levels.

You collected 1077 gold pieces.
You spent 155 gold pieces at shops.

Inventory:

Hand Weapons
 a - a +1 trident (weapon)
 j - a +0 blowgun
   (You took it off a kobold on level 9 of the Dungeon)
 q - the +3 hunting sling of the Spheres {freeze, rF+ Str+2 Stlth-}
   (You found it on level 5 of the Dungeon)

   It causes projectiles fired from it to freeze those they strike, causing
   extra injury to most foes and up to half again as much damage against
   particularly susceptible opponents.
   They can also slow down cold-blooded creatures.
   It affects your strength (+2).
   It protects you from fire.
   It makes you less stealthy.
 J - a +1 falchion of flaming
   (You took it off a big kobold on level 9 of the Dungeon)
Missiles
 d - 5 throwing nets (quivered) {!f}
 y - 7 silver javelins
 D - 12 curare-tipped needles {!f}
 G - 23 poisoned needles
 K - 12 tomahawks
Armour
 c - a +1 helmet (worn)
 l - a +0 pair of boots
   (You found it on level 5 of the Lair of Beasts)
 v - a +2 leather armour of poison resistance (worn)
   (You took it off Duvessa on level 6 of the Dungeon)
 A - a +2 robe of fire resistance
   (You took it off Sigmund on level 3 of the Dungeon)
 E - a +0 robe of magic resistance
   (You took it off Dowan on level 6 of the Dungeon)
 I - a +0 pair of gloves (worn)
   (You found it on level 9 of the Dungeon)
 Q - +0 acid dragon scales
   (You found it on level 12 of the Dungeon)
 U - the +18 shield of the Gong (worn) {rElec rN+ MR+ EV-5}
   (You found it on level 4 of the Dungeon)

   It affects your evasion (-5).
   It insulates you from electricity.
   It protects you from negative energy.
   It affects your resistance to hostile enchantments.
Magical Staves
 C - an uncursed staff of energy {!a}
   (You found it on level 8 of the Dungeon)
 R - an uncursed staff of summoning
   (You found it on level 2 of the Lair of Beasts)
Jewellery
 o - a ring of protection from cold (left hand)
   (You found it on level 12 of the Dungeon)
 M - a +2 ring of slaying (right hand)
   (You found it on level 10 of the Dungeon)
Wands
 t - a wand of flame (5)
   (You took it off a crimson imp on level 11 of the Dungeon)
 u - a wand of paralysis (9)
   (You found it on level 4 of the Lair of Beasts)
 x - a wand of acid (23)
   (You found it on level 2 of the Lair of Beasts)
 H - a wand of polymorph (8)
   (You found it on level 9 of the Dungeon)
Scrolls
 f - 7 scrolls of fear
 g - 9 scrolls of teleportation {@r4}
 i - 2 scrolls of remove curse {@r2}
 k - 4 scrolls of immolation {!r}
 r - 2 scrolls of amnesia
 s - 3 scrolls of enchant armour
 B - 2 scrolls of fog
 F - 3 scrolls of magic mapping
 P - 3 scrolls of enchant weapon
 S - a scroll of silence
 W - a scroll of acquirement {unknown}
Potions
 h - 3 potions of lignification {!q}
 m - 8 potions of curing {@q1}
 n - 3 potions of might
 p - 4 potions of cancellation
 w - 2 potions of haste {@q3}
 z - a potion of invisibility
 L - a potion of ambrosia
 N - 4 potions of flight
 O - a potion of heal wounds {@q2}
 T - 2 potions of agility
Miscellaneous
 b - a lamp of fire
   (You found it on level 11 of the Dungeon)
Comestibles
 e - 20 rations {!d}
 V - 7 chunks of flesh


   Skills:
 - Level 10.0 Fighting
 - Level 14.0 Polearms
 + Level 7.7 Throwing
 - Level 7.0 Dodging
 - Level 15.1 Shields
 + Level 8.1 Invocations


You had 12 spell levels left.
You didn't know any spells.
Your spell library contained the following spells:

 Spells                   Type           Power        Failure   Level  Hunger
 Magic Dart               Conj           #...         41%         1    ##.....
 Searing Ray              Conj           #.....       54%         2    ###....
 Dazzling Spray           Conj/Hex       #.....       78%         3    ####...
 Force Lance              Conj/Tloc      #.......     99%         4    #####..
 Fulminant Prism          Conj/Hex       #.........   99%         4    #####..
 Iskenderun's Mystic Bla  Conj           #.......     99%         4    #####..


Dungeon Overview and Level Annotations

Branches:
Dungeon (12/15)            Temple (1/1) D:5            Lair (6/6) D:10
 Shoals (0/4) Lair:4       Spider (0/4) Lair:2        Slime (0/5) Lair:5
    Orc (0/2) D:11

Altars:
Ashenzari
Cheibriados
Dithmenos
Elyvilon
Fedhas
Gozag
Hepliaklqana
Kikubaaqudgha
Makhleb
Nemelex Xobeh
Okawaru
Qazlal
Ru
Sif Muna
Trog
Uskayaw
Vehumet
Wu Jian
Xom
Yredelemnul
Zin
The Shining One
Beogh

Shops:
D:5 *   D:6 (   D:10 (


Message History

A komodo dragon comes into view.
The komodo dragon closely misses you. The black mamba bites you!
You block the wyvern's attack.
GONNNNG!
You block the komodo dragon's attack.
GONNNNG!
The komodo dragon moves out of view.
You hear an angry hiss. x2; You hear a trumpeting!
You hear an angry growl.
You hear a trumpeting! x2
There is a stone staircase leading up, spattered with blood here.
You block the black mamba's attack.
GONNNNG!
You block the wyvern's attack.
BOUMMMMG!
The black mamba bites you but does no damage.
The basilisk gazes at you.
You are slowing down.
The komodo dragon bites you. The wyvern bites you!
You hear an angry hiss.
You hear a loud, deep croak!
You hear a trumpeting!
You hear an angry hiss.
You hear a croak.
You climb upwards.
You have turned to stone.
The black mamba bites you! The wyvern bites you! The black mamba bites you.
The komodo dragon bites you!! The black mamba bites you! The wyvern bites you.
The black mamba bites you!
* * * LOW HITPOINT WARNING * * *
The komodo dragon bites you!!
* * * LOW HITPOINT WARNING * * *
The wyvern bites you!
* * * LOW HITPOINT WARNING * * *
The black mamba bites you but does no damage.
The wyvern bites you.
* * * LOW HITPOINT WARNING * * *
The komodo dragon bites you.
* * * LOW HITPOINT WARNING * * *
The black mamba bites you!
* * * LOW HITPOINT WARNING * * *
The wyvern bites you.
* * * LOW HITPOINT WARNING * * *
The black mamba bites you!
* * * LOW HITPOINT WARNING * * *
The komodo dragon bites you but does no damage.
The wyvern barely misses you.
The black mamba bites you but does no damage.
The black mamba bites you!
* * * LOW HITPOINT WARNING * * *
The wyvern bites you.
* * * LOW HITPOINT WARNING * * *
The komodo dragon bites you!!
You die...
Your body disappears without a glow.

..#.# ....##
.....#### ........#
........# .......##
(......# ### ####
.......## #.###S.##
(.......# ##....@l#
(.......####...l.P#
...(..............#
.....(...#........##
........#...÷......##
....................#
...[...............##
........^...........#
.....##............##


You could see a komodo dragon, a black mamba and a wyvern.

Vanquished Creatures
  The ghost of fartymcfart the Destroyer, a journeyman DsWn of Vehumet (Lair:4)
  3 hydras
  A catoblepas (Lair:2)
  A two-headed ogre (D:9)
  A deep troll (shapeshifter) (D:12)
  An ugly thing (D:11)
  A wolf spider (Lair:4)
  4 elephants (Lair:5)
  3 black mambas
  A gargoyle (D:12)
  3 spiny frogs
  A torpor snail (Lair:5)
  4 rime drakes
  7 komodo dragons
  2 trolls
  4 polar bears
  Prince Ribbit (D:5)
  2 slime creatures
  2 blink frogs
  7 hippogriffs
  2 dream sheep (D:9)
  Sigmund (D:3)
  23 yaks
  A spriggan (Lair:5)
  3 wyverns (Lair:3)
  A vampire (D:10)
  4 basilisks
  A hungry ghost (D:10)
  A vampire mosquito (D:11)
  Grum (D:9)
  An acid dragon (D:12)
  14 water moccasins
  5 porcupines
  Duvessa (D:6)
  5 orc warriors
  A black bear (Lair:5)
  An eye of draining (D:8)
  5 sky beasts
  3 phantoms
  5 ogres
  A necrophage (D:12)
  9 wolves
  6 centaurs
  9 crocodiles
  5 big kobolds
  9 bullfrogs
  Dowan (D:6)
  A wyvern zombie (D:11)
  A gnoll sergeant (D:9)
  4 scorpions
  15 killer bees
  5 wights
  5 howler monkeys
  5 crimson imps
  2 bullfrog zombies (D:11)
  4 hounds
  A centaur zombie (D:11)
  7 jellies
  17 orc wizards
  3 centaur skeletons
  2 quasits
  11 orc priests
  A bullfrog skeleton (D:12)
  Natasha (twice) (D:4)
  7 worker ants
  Terence (D:2)
  A hound zombie (D:5)
  A hound skeleton (D:9)
  Robin (D:3)
  A worker ant zombie (D:10)
  A howler monkey skeleton (D:11)
  11 gnolls
  11 adders
  4 shadow imps
  4 oozes
  3 adder skeletons
  6 worms
  A dart slug (D:1)
  2 leopard geckos
  48 orcs
  2 ball pythons
  6 bats
  5 giant cockroaches
  14 goblins
  14 hobgoblins
  6 jackals
  4 quokkas
  5 frilled lizards
  17 kobolds
  A quokka skeleton (D:4)
  8 rats
  2 fungi (Lair:5)
  A plant (D:9)
443 creatures vanquished.

Vanquished Creatures (collateral kills)
  Nessos (Lair:5)
  A death yak (Lair:5)
  3 elephants (Lair:5)
  4 spiny frogs
  A polar bear (Lair:3)
  Grinder (D:3)
  8 yaks
  A porcupine (Lair:4)
  2 crocodiles
  A bullfrog (Lair:1)
  A fungus (Lair:5)
24 creatures vanquished.

Vanquished Creatures (others)
  A black mamba (Lair:6)
  A hornet (Lair:6)
  2 blink frogs (Lair:6)
  A hippogriff (Lair:6)
  A water moccasin (Lair:6)
  2 ball lightnings (Lair:6)
  2 orcs (D:7)
  15 fungi
  8 plants
33 creatures vanquished.

Grand Total: 500 creatures vanquished

Notes
Turn   | Place    | Note
-------+----------+-------------------------------------------
     0 | D:1      | MalarOregon the Merfolk Gladiator began the quest for the
                  | Orb.
     0 | D:1      | Reached XP level 1. HP: 16/16 MP: 1/1
   131 | D:1      | Reached XP level 2. HP: 18/23 MP: 2/2
   147 | D:1      | Reached skill level 5 in Polearms
   464 | D:1      | Reached XP level 3. HP: 24/28 MP: 3/3
   956 | D:2      | Noticed Terence
   969 | D:2      | Killed Terence
   969 | D:2      | Reached XP level 4. HP: 18/35 MP: 4/4
  1285 | D:2      | Found a sparkling altar of Nemelex Xobeh.
  1289 | D:2      | Became a worshipper of Nemelex Xobeh the Trickster
  1365 | D:2      | Received a gift from Nemelex Xobeh
  1730 | D:3      | Reached skill level 5 in Dodging
  1755 | D:3      | Reached XP level 5. HP: 41/41 MP: 5/5
  2099 | D:3      | Noticed Robin
  2120 | D:3      | Killed Robin
  2186 | D:3      | Noticed Sigmund
  2493 | D:3      | Reached * piety under Nemelex Xobeh
  2531 | D:3      | Reached XP level 6. HP: 42/48 MP: 6/6
  2556 | D:3      | Noticed Grinder
  2567 | D:3      | Killed Grinder
  2643 | D:3      | HP: 2/48 [something (12)]
  2693 | D:3      | You fall through a shaft for 3 floors!
  2961 | D:6      | Reached XP level 7. HP: 49/54 MP: 7/7
  3327 | D:6      | Reached skill level 5 in Fighting
  3430 | D:6      | Found Gyipibla's Weapon Shoppe.
  3444 | D:5      | Entered Level 5 of the Dungeon
  3532 | D:4      | Found a hazy altar of Hepliaklqana.
  3672 | D:4      | Reached XP level 8. HP: 24/62 MP: 8/8
  3897 | D:4      | Found the +18 shield of the Gong {rElec rN+ MR+ EV-5}
  3942 | D:4      | Received a gift from Nemelex Xobeh
  3993 | D:4      | Reached skill level 10 in Polearms
  3994 | D:4      | Noticed Natasha
  4004 | D:4      | Killed Natasha
  4153 | D:4      | Noticed Natasha
  4161 | D:4      | Killed Natasha
  4161 | D:4      | Reached skill level 1 in Shields
  4208 | D:3      | Found a faded altar of an unknown god.
  4298 | D:3      | Killed Sigmund
  4955 | D:5      | Reached skill level 2 in Shields
  5000 | D:5      | Found a staircase to the Ecumenical Temple.
  5023 | Temple   | Entered the Ecumenical Temple
  5792 | D:5      | Noticed Prince Ribbit
  5882 | D:5      | Killed Prince Ribbit
  5969 | D:5      | Reached skill level 3 in Shields
  6058 | D:5      | Found a hazy altar of Hepliaklqana.
  6064 | D:5      | Received a gift from Nemelex Xobeh
  6143 | D:5      | Reached XP level 9. HP: 69/69 MP: 9/9
  6461 | D:5      | Found Moinuomn's Assorted Antiques.
  6467 | D:5      | Bought a potion of might for 92 gold pieces
  6467 | D:5      | Bought a fuming silvery potion for 20 gold pieces
  6467 | D:5      | Bought a scroll labeled UCUUHU FUNUEGUHATS for 23 gold
                  | pieces
  6467 | D:5      | Bought a fizzy inky potion for 20 gold pieces
  6605 | D:5      | Got a faintly glowing hunting sling
  6687 | D:6      | Noticed Duvessa
  6688 | D:6      | Noticed Dowan
  6704 | D:6      | Killed Duvessa
  6722 | D:6      | Killed Dowan
  6905 | D:6      | Reached ** piety under Nemelex Xobeh
  7017 | D:6      | Reached skill level 4 in Shields
  7420 | D:6      | Found a basalt altar of Yredelemnul.
  8021 | D:7      | Received a gift from Nemelex Xobeh
  8235 | D:8      | Reached skill level 5 in Shields
  8640 | D:8      | Reached *** piety under Nemelex Xobeh
  8919 | D:8      | Reached skill level 6 in Shields
  8923 | D:8      | Reached XP level 10. HP: 65/76 MP: 0/10
  9077 | D:9      | Noticed Grum
  9151 | D:9      | Reached skill level 7 in Shields
  9428 | D:9      | Killed Grum
  9441 | D:9      | Received a gift from Nemelex Xobeh
  9704 | D:9      | Reached skill level 8 in Shields
  9805 | D:9      | Reached skill level 9 in Shields
 10068 | D:9      | Noticed a two-headed ogre
 10095 | D:9      | Killed a two-headed ogre
 10095 | D:9      | Reached skill level 10 in Shields
 10320 | D:9      | Found a roughly hewn altar of Beogh.
 10550 | D:9      | Reached XP level 11. HP: 34/81 MP: 11/11
 10772 | D:9      | Noticed a three-headed hydra
 10778 | D:9      | Reached skill level 11 in Shields
 10934 | D:9      | Killed a three-headed hydra
 11357 | D:10     | Entered Level 10 of the Dungeon
 11372 | D:10     | Received a gift from Nemelex Xobeh
 11395 | D:10     | Reached skill level 12 in Shields
 11398 | D:10     | Found a staircase to the Lair.
 11740 | D:10     | Received a gift from Nemelex Xobeh
 11870 | D:10     | Found Xuirom's Weapon Shop.
 11886 | D:10     | Identified the +3 hunting sling of the Spheres {freeze, rF+
                  | Str+2 Stlth-} (You found it on level 5 of the Dungeon)
 13024 | D:11     | Noticed a purple ugly thing
 13295 | D:10     | Reached skill level 13 in Shields
 13491 | D:11     | Found a white marble altar of Elyvilon.
 13569 | D:11     | Killed a purple ugly thing
 13620 | D:11     | Reached **** piety under Nemelex Xobeh
 13730 | D:11     | Found a staircase to the Orcish Mines.
 13802 | D:11     | Received a gift from Nemelex Xobeh
 13892 | D:11     | Found a sparkling altar of Nemelex Xobeh.
 13939 | D:12     | Noticed a two-headed ogre
 14190 | D:11     | Reached skill level 14 in Shields
 14190 | D:11     | Reached XP level 12. HP: 35/88 MP: 12/12
 14675 | D:12     | Noticed a two-headed ogre
 14675 | D:12     | a swamp dragon changed into a two-headed ogre
 14685 | D:12     | a two-headed ogre changed into a deep troll
 14878 | Lair:1   | Entered Level 1 of the Lair of Beasts
 15025 | Lair:1   | Received a gift from Nemelex Xobeh
 15373 | Lair:1   | Got a brightly glowing quarterstaff
 15495 | Lair:1   | Got a twisted arbalest
 15500 | Lair:1   | Received a gift from Nemelex Xobeh
 15768 | Lair:1   | Identified the +10 quarterstaff of Nuolat {venom, rC+} (You
                  | found it on level 1 of the Lair of Beasts)
 15781 | Lair:1   | Identified the +10 arbalest of Rauvas {elec, Dex+4} (You
                  | found it on level 1 of the Lair of Beasts)
 15810 | Lair:2   | Noticed a catoblepas
 15858 | Lair:2   | Killed a catoblepas
 15858 | Lair:2   | Reached skill level 15 in Shields
 15943 | Lair:2   | Reached skill level 1 in Invocations
 16153 | Lair:2   | Found a hole to the Spider Nest.
 16153 | Lair:2   | Received a gift from Nemelex Xobeh
 16155 | Lair:2   | Reached ***** piety under Nemelex Xobeh
 17216 | Lair:3   | Noticed a seven-headed hydra
 17374 | Lair:2   | Killed a one-headed hydra
 18080 | Lair:3   | Noticed a seven-headed hydra
 18307 | Lair:2   | Killed a one-headed hydra
 18651 | Lair:4   | Received a gift from Nemelex Xobeh
 19172 | Lair:3   | Reached XP level 13. HP: 77/98 MP: 16/16
 19283 | Lair:4   | Reached skill level 5 in Throwing
 19296 | Lair:4   | Identified the +1 trident of the Lame Duck {vamp, rElec rC+
                  | Str-5}
 19305 | Lair:4   | Reached skill level 5 in Invocations
 19482 | Lair:4   | Found a runed translucent door.
 19482 | Lair:4   | Noticed fartymcfart's ghost (journeyman DsWn)
 19535 | Lair:4   | Found a staircase to the Shoals.
 19811 | Lair:4   | Received a gift from Nemelex Xobeh
 20099 | Lair:4   | Killed fartymcfart's ghost
 20310 | Lair:5   | Noticed Nessos
 20329 | Lair:5   | Killed Nessos
 20752 | Lair:5   | Found a staircase to the Slime Pits.
 20754 | Lair:5   | Received a gift from Nemelex Xobeh
 21506 | Lair:5   | Received a gift from Nemelex Xobeh
 21933 | Lair:6   | Entered Level 6 of the Lair of Beasts
 22469 | Lair:5   | Reached skill level 10 in Fighting
 22735 | Lair:5   | Slain by a komodo dragon

Skill      XL: |  1  2  3  4  5  6  7  8  9 10 11 12 13 |
---------------+----------------------------------------+-----
Polearms       | 5 6 7 8 9 11 14 | 14.0
Fighting       | 3 4 5 6 8 10 | 10.0
Dodging        | 5 6 7 |  7.0
Shields        | 3 6 10 14 15 | 15.1
Invocations    | 4 8 |  8.1
Throwing       | 4 7 |  7.7

Action                   |  1- 3 |  4- 6 |  7- 9 | 10-12 | 13-15 || total
-------------------------+-------+-------+-------+-------+-------++-------
Melee: Trident           |   100 |   203 |   622 |  1414 |   356 ||  2695
       Tailslap          |       |       |       |    14 |       ||    14
       Falchion          |       |       |       |    18 |       ||    18
 Abil: Draw Destruction  |       |     3 |       |       |    14 ||    17
       Draw Escape       |       |     3 |       |       |       ||     3
       Draw Summoning    |       |     1 |       |     3 |     8 ||    12
  Use: Potion            |       |       |     2 |       |       ||     2
       Scroll            |       |       |    15 |     5 |     4 ||    24
 Stab: Distracted        |     1 |     2 |     1 |     2 |     2 ||     8
       Sleeping          |       |     3 |     2 |       |       ||     5
       Petrified         |       |       |       |    17 |     5 ||    22
       Petrifying        |       |       |       |     1 |       ||     1
  Eat: Chunk             |       |     6 |    19 |    28 |     8 ||    61
       Ration            |       |       |       |     2 |     1 ||     3
Armor: Leather armour    |    15 |    18 |    39 |    91 |    27 ||   190
Dodge: Dodged            |    48 |   103 |   116 |   129 |    47 ||   443
Block: Shield            |       |       |   363 |  1270 |   389 ||  2022
